 Dungeon Crawl Stone Soup version 0.28.0-62-gf88900778d (webtiles) character file.

Game seed: 3077828893188227707

5793 cbfl8 the Spear-Bearer (level 10, -13/120 HPs)
             Began as a Merfolk Berserker on Aug 18, 2023.
             Was an Elder of Trog.
             Mangled by a two-headed ogre
             ... wielding a +0 giant club
              (17 damage)
             ... on level 9 of the Dungeon.
             The game lasted 00:10:30 (11878 turns).

cbfl8 the Spear-Bearer (Merfolk Berserker)         Turns: 11878, Time: 00:10:31

Health: -13/120    AC: 19    Str: 17    XL:     10   Next: 79%
Magic:  10/10      EV:  6    Int:  7    God:    Trog [****..]
Gold:   422        SH:  0    Dex: 18    Spells: 9/9 levels left

rFire   . . .      SeeInvis +   y - +0 trident (vorpal)
rCold   . . .      Faith    .   (no shield)
rNeg    . . .      Spirit   .   D - +0 plate armour
rPois   .          Reflect  .   n - +0 helmet
rElec   .          Harm     .   r - scarf {repulsion}
rCorr   .          Rampage  .   (no gloves)
Will    .....                   a - +0 pair of boots
Stlth   ..........              d - amulet of regeneration
HPRegen 1.10/turn               f - ring of see invisible
MPRegen 0.12/turn               t - +4 ring of protection

@: berserking, lethally poisoned (-13 -> -15), repel missiles, very quick
A: (nimble swimmer 2), mertail
a: Renounce Religion, Berserk, Trog's Hand, Brothers in Arms


You were on level 9 of the Dungeon.
You worshipped Trog.
Trog was greatly pleased with you.
You visited 1 branch of the dungeon, and saw 9 of its levels.

You collected 422 gold pieces.

Inventory:

Hand Weapons
 y - a +0 vorpal trident (weapon)
Missiles
 C - 6 boomerangs
Armour
 a - a +0 pair of boots (worn)
 n - a +0 helmet (worn)
 r - a scarf of repulsion (worn)
 D - a +0 plate armour (worn)
Jewellery
 d - an amulet of regeneration (around neck)
 f - a ring of see invisible (left hand)
 t - a +4 ring of protection (right hand)
Wands
 i - a wand of paralysis (20)
 o - a wand of flame (5) (quivered)
 q - a wand of charming (10)
 z - a wand of polymorph (13)
 B - a wand of acid (11)
Scrolls
 g - a scroll of magic mapping {unknown}
 h - a scroll of summoning
 j - 3 scrolls of noise
 w - a scroll of fog
Potions
 b - a potion of heal wounds {unknown}
 e - 2 potions of lignification
 k - 4 potions of curing
 l - 3 potions of mutation
 m - a potion of berserk rage
 s - a potion of flight {unknown}
 u - a potion of might {unknown}
 v - a potion of ambrosia {unknown}
 x - a potion of resistance {unknown}
 A - a potion of haste {unknown}


   Skills:
 + Level 8.1 Fighting
 + Level 12.9 Polearms
 * Level 1.2 Throwing
 + Level 6.7 Armour
 - Level 2.6 Dodging
 - Level 2.3 Stealth
 * Level 6.9 Evocations


You had 9 spell levels left.
You didn't know any spells.
Your spell library was empty.

Dungeon Overview and Level Annotations

Branches:
Dungeon (9/15)             Temple (0/1) D:7            Lair (0/6) D:8
    Orc: D:9-12

Altars:
Dithmenos
Elyvilon
Kikubaaqudgha
Nemelex Xobeh
Qazlal
Vehumet
Xom
The Shining One

Annotations:
D:7 3 runed translucent doors, macfelon's ghost, novice DECj


Innate Abilities, Weirdness & Mutations

((You are very nimble when in or above water. (Stealth+, EV+, Speed+++)))
Your lower body shifts to a powerful aquatic tail in water.


Message History

You feel yourself slow down.
You feel very sick. The hornet stings you.
You feel as though you will be slow longer.
You feel sick. The hornet barely misses you.
You feel yourself speed up.
You feel sick.
The hornet stings you but does no damage.
The hornet stings you!
You are more poisoned.
You feel yourself slow down.
You feel very sick. The hornet stings you.
You feel as though you will be slow longer.
You feel very sick. The hornet stings you.
You suddenly lose the ability to move!
You feel sick. The hornet stings you.
You are more poisoned.
You feel as though you will be slow longer.
The hornet stings you but does no damage.
You feel very sick. The hornet stings you.
You shrug off the repeated paralysis!
You can move again.
There is a stone staircase leading up here.
A red film seems to cover your vision as you go berserk!
You feel yourself moving faster!
You feel mighty!
You feel yourself speed up.
You feel very sick.
The hornet stings you but does no damage.
The two-headed ogre hits you with a +0 giant club!!
* * * LOW HITPOINT WARNING * * *
The two-headed ogre hits you with a +0 giant club!
* * * LOW HITPOINT WARNING * * *
The hornet stings you but does no damage. x2
Unknown command.
You puncture the two-headed ogre!
The two-headed ogre is heavily wounded.
You feel sick.
The two-headed ogre hits you with a +0 giant club!
You die...

#......#####....
#......# #....
#......# #... #.....O#
#.. #......# #..
###....# #.#########+#
#....# #.#.........#
###..#####.#.........#
#......y@#..<......#
#......O.#.........#
#..................#
#........^^.....####
#........^_^....#
#........^^^....#
#......#.....##.#
#.............#+#
#...............


You could see a two-headed ogre and a hornet.

Vanquished Creatures
  A two-headed ogre (D:8)
  Pikel (D:4)
  Maggie (D:7)
  A troll (D:9)
  A hornet (D:7)
  Grinder (D:5)
  A wraith (D:8)
  An acid dragon (D:9)
  A water moccasin (D:7)
  3 orc warriors (D:8)
  Duvessa (D:4)
  A black bear (D:6)
  2 sky beasts
  4 ogres
  2 phantoms
  2 centaurs (D:8)
  A kobold brigand (D:6)
  Blork the orc (D:5)
  2 bullfrogs
  3 gnoll sergeants
  A water moccasin zombie (D:5)
  2 scorpions
  Dowan (D:4)
  A wyvern skeleton (D:7)
  13 wights (D:8)
  3 vampire bats (D:3)
  A howler monkey (D:9)
  A bullfrog zombie (D:6)
  3 jellies
  3 orc priests
  3 hounds
  Ijyb (D:5)
  Terence (D:2)
  4 orc wizards
  3 hound skeletons
  A howler monkey zombie (D:5)
  Robin (D:4)
  10 gnolls
  10 adders
  2 shadow imps
  A white imp (D:8)
  An ufetubus (D:5)
  2 worms
  2 dart slugs (D:2)
  15 orcs
  3 bats (D:1)
  3 bat skeletons (D:3)
  2 bat zombies (D:3)
  6 endoplasms
  6 giant cockroaches
  14 goblins
  7 hobgoblins
  9 jackals
  4 kobolds
  7 ball pythons
  5 frilled lizards
  4 rats
  A spectral hobgoblin (D:1)
188 creatures vanquished.

Vanquished Creatures (others)
  A wight (D:8)
  2 fungi (D:8)
  2 plants (D:8)
5 creatures vanquished.

Grand Total: 193 creatures vanquished

Notes
Turn   | Place    | Note
-------+----------+-------------------------------------------
     0 | D:1      | cbfl8 the Merfolk Berserker began the quest for the Orb.
     0 | D:1      | Reached XP level 1. HP: 18/18 MP: 1/1
   188 | D:1      | Found a faded altar of an unknown god.
   197 | D:1      | Reached XP level 2. HP: 16/24 MP: 2/2
   560 | D:1      | Reached ** piety under Trog
   561 | D:1      | Reached XP level 3. HP: 27/30 MP: 3/3
   844 | D:1      | Reached skill level 1 in Evocations
   996 | D:2      | Noticed Terence
  1004 | D:2      | Killed Terence
  1005 | D:2      | Reached skill level 5 in Polearms
  1006 | D:2      | Reached XP level 4. HP: 34/37 MP: 4/4
  2044 | D:2      | Reached XP level 5. HP: 39/42 MP: 5/5
  2088 | D:2      | Found a radiant altar of Vehumet.
  2697 | D:3      | Found a radiant altar of Vehumet.
  2719 | D:3      | Reached skill level 1 in Stealth
  2954 | D:3      | Reached *** piety under Trog
  2972 | D:3      | Found an ancient bone altar of Kikubaaqudgha.
  2991 | D:3      | Reached skill level 6 in Polearms
  2992 | D:3      | Reached XP level 6. HP: 33/49 MP: 6/6
  3372 | D:4      | Noticed Robin
  3446 | D:4      | Killed Robin
  3695 | D:4      | Noticed Pikel
  3712 | D:4      | Killed Pikel
  3713 | D:4      | Reached skill level 5 in Fighting
  3713 | D:4      | Reached skill level 7 in Polearms
  3713 | D:4      | Reached XP level 7. HP: 27/56 MP: 7/7
  4059 | D:4      | Reached skill level 8 in Polearms
  4254 | D:4      | Reached XP level 8. HP: 22/63 MP: 8/8
  4550 | D:4      | Noticed Dowan
  4552 | D:4      | Noticed Duvessa
  4560 | D:4      | Killed Duvessa
  4569 | D:4      | Killed Dowan
  4896 | D:5      | Entered Level 5 of the Dungeon
  4936 | D:5      | Noticed Grinder
  4945 | D:5      | Killed Grinder
  4946 | D:5      | Reached skill level 9 in Polearms
  5585 | D:5      | Reached **** piety under Trog
  5590 | D:5      | Noticed Ijyb
  5617 | D:5      | Killed Ijyb
  6048 | D:5      | Found a shadowy altar of Dithmenos.
  6898 | D:4      | Reached XP level 9. HP: 69/69 MP: 9/9
  7117 | D:5      | Noticed Blork the orc
  7131 | D:5      | Killed Blork the orc
  7132 | D:5      | Reached skill level 10 in Polearms
  7132 | D:5      | Reached skill level 5 in Evocations
  7777 | D:6      | Reached skill level 5 in Armour
  8726 | D:6      | Found a faded altar of an unknown god.
  8726 | D:6      | Found a white marble altar of Elyvilon.
  8738 | D:6      | Found a glowing golden altar of the Shining One.
  8762 | D:6      | Found a sparkling altar of Nemelex Xobeh.
  8764 | D:6      | Found a stormy altar of Qazlal.
  8932 | D:7      | Found a staircase to the Ecumenical Temple.
  8944 | D:7      | Found a runed translucent gate.
  8944 | D:7      | Found a runed translucent gate.
  8944 | D:7      | Found a runed translucent gate.
  8949 | D:7      | Noticed macfelon's ghost (novice DECj)
  9032 | D:7      | Noticed Maggie
  9044 | D:7      | Killed Maggie
  9045 | D:7      | Reached skill level 11 in Polearms
  9182 | D:7      | Noticed a hornet
  9192 | D:7      | Killed a hornet
  9195 | D:7      | Reached XP level 10. HP: 79/79 MP: 10/10
 10356 | D:8      | Reached skill level 12 in Polearms
 10700 | D:8      | Noticed a two-headed ogre
 10713 | D:8      | Killed a two-headed ogre
 10879 | D:8      | Found a staircase to the Lair.
 11778 | D:9      | Reached skill level 1 in Throwing
 11835 | D:9      | Found a shimmering altar of Xom.
 11859 | D:9      | Noticed a two-headed ogre
 11874 | D:9      | Paralysed by a hornet for 3 turns
 11877 | D:9      | HP: 5/120 [two-headed ogre/+0 giant club (17)]
 11878 | D:9      | Mangled by a two-headed ogre

Illustrated notes

Levels and vault maps discovered:
D:1:      eino_arrival_druids_welcome, layout_basic,
          dreamdust_ecumenical_altar_drowned_temple
D:2:      minmay_general_purpose_star, layout_loops_corners, basic_altar,
          uniq_terence
D:3:      layout_loops_cross, lemuel_round_altar, kennysheep_vampire_church
D:4:      layout_loops_ring, chequers_serial_rivers_micro_c, uniq_duvessa,
          uniq_pikel, uniq_robin
D:5:      layout_loops_ring, grunt_dithmenos_smoke_and_mirrors, st_stairs_1,
          chequers_serial_rivers_small_b, lightli_minifort, uniq_ijyb,
          uniq_grinder, uniq_blork_the_orc
D:6:      layout_loops_cross, chequers_temple_overflow_minitemple
D:7:      layout_loops_cross, minmay_temple_entry_glass,
          ebering_ghost_rock_garden, uniq_maggie
D:8:      layout_layer_cave, dpeg_oklobed_lair, hangedman_abyss_or_decor_slice
D:9:      cheibrodos_ideogram_h, layout_irregular_city,
          mainiacjoe_overflow_alcove_2, xom_teletrap_fun, old_standard_altar

Skill      XL: |  1  2  3  4  5  6  7  8  9 10 |
---------------+-------------------------------+-----
Evocations     | 1 2 3 4 6 |  6.9
Fighting       | 4 5 6 7 8 |  8.1
Polearms       | 5 6 7 8 9 11 12 | 12.9
Armour         | 2 3 4 5 6 |  6.7
Stealth        | 1 2 |  2.3
Throwing       | 1 |  1.2
Dodging        | |  2.6

Action                   |  1- 3 |  4- 6 |  7- 9 | 10-12 || total
-------------------------+-------+-------+-------+-------++-------
Melee: Spear             |   114 |   242 |   431 |       ||   787
       Tailslap          |     1 |       |       |       ||     1
       Punch             |     1 |     1 |    11 |     3 ||    16
       Trident           |       |       |    43 |   182 ||   225
       Halberd           |       |       |    14 |       ||    14
Invok: Berserk           |     1 |     1 |     9 |     6 ||    17
       Trog's Hand       |       |       |       |     2 ||     2
Evoke: Wand              |       |       |     2 |       ||     2
  Use: Scroll            |       |     4 |     8 |     5 ||    17
       Potion            |       |       |       |     3 ||     3
 Stab: Sleeping          |     2 |       |       |       ||     2
Armor: Animal skin       |     3 |       |       |       ||     3
       Ring mail         |    43 |       |       |       ||    43
       Scale mail        |       |   137 |    80 |       ||   217
       Chain mail        |       |       |    56 |    49 ||   105
       Plate armour      |       |       |       |    29 ||    29
Dodge: Dodged            |    56 |   126 |   165 |    54 ||   401
       Repelled          |       |       |     1 |     4 ||     5
